 Dungeon Crawl Stone Soup version 0.21-a0-228-g14ccbf3 (webtiles) character file.

4330 sagitran the Cleaver (level 10, -2/79 HPs)
             Began as a Demonspawn Abyssal Knight on July 31, 2017.
             Was a High Priest of Lugonu.
             Succumbed to a killer bee's poison
             ... on level 8 of the Dungeon on Aug 31, 2017.
             The game lasted 00:55:50 (9809 turns).

sagitran the Cleaver (Demonspawn Abyssal Knight)    Turns: 9809, Time: 00:55:51

Health: -2/79      AC: 13    Str: 21    XL:     10   Next: 12%
Magic:  12/12      EV: 12    Int: 13    God:    Lugonu [*****.]
Gold:   494        SH:  0    Dex: 13    Spells: 9/9 levels left

rFire    . . .     SeeInvis .   o - +2 demon blade (elec)
rCold    + . .     Gourm    +   (no shield)
rNeg     . . .     Faith    .   e - +2 scale mail
rPois    .         Spirit   .   (helmet restricted)
rElec    .         Reflect  .   (no cloak)
rCorr    .         Harm     .   (no gloves)
MR       +....     Clarity  +   m - +0 pair of boots
Stlth    ..........             h - amulet of the gourmand
HPRegen  0.23/turn              p - ring of protection from cold
MPRegen  0.13/turn              n - +5 ring of strength

@: lethally poisoned (-2 -> -36)
A: claws 1, horns 2, yellow scales 2, blurry vision 1, clarity, magic resistance
1, rot immunity
a: Depart the Abyss, Bend Space, Banish, Corrupt, Enter the Abyss, Renounce
Religion


You were on level 8 of the Dungeon.
You worshipped Lugonu.
Lugonu was extremely pleased with you.
You were not hungry.

You visited 1 branch of the dungeon, and saw 10 of its levels.
You visited the Abyss 1 time.
You also visited: Sewer.

You collected 494 gold pieces.

Inventory:

Hand Weapons
 a - a +1 hand axe
 d - a +4 broad axe
 o - a +2 demon blade of electrocution (weapon)
Missiles
 F - 8 tomahawks (quivered)
 I - a throwing net
Armour
 b - a +0 leather armour
 e - a +2 scale mail (worn)
 g - a +0 ring mail
 m - a +0 pair of boots (worn)
Jewellery
 h - an amulet of the gourmand (around neck)
 n - a +5 ring of strength (right claw)
 p - a ring of protection from cold (left claw)
 x - an uncursed ring of protection from cold
 C - an uncursed ring of protection from fire
Scrolls
 i - 5 scrolls of remove curse
 s - 2 scrolls of amnesia
 u - 2 scrolls of recharging
 v - a scroll of noise {unknown}
 y - a scroll of fear {unknown}
 H - 2 scrolls of magic mapping {unknown}
Potions
 j - a potion of haste
 l - a potion of degeneration {unknown}
 A - 2 potions of agility
Comestibles
 c - 2 royal jellies
 f - 9 meat rations
 r - 5 fruits
 G - 3 bread rations


   Skills:
 + Level 7.1 Fighting
 + Level 0.8 Long Blades
 + Level 9.4 Axes
 + Level 1.3 Throwing
 + Level 6.3 Armour
 + Level 4.2 Dodging
 + Level 1.1 Stealth
 + Level 2.9 Invocations


You had 9 spell levels left.
You didn't know any spells.

Dungeon Overview and Level Annotations

Branches:
Dungeon (10/15)            Temple (0/1) D:7
   Lair: D:8-11         Orc: D:9-12

Altars:
Elyvilon
Fedhas
Makhleb
Okawaru
Ru
Sif Muna
Uskayaw
Xom

Shops:
D:4 }

Annotations:
D:6 Grinder


Innate Abilities, Weirdness & Mutations

You have a pair of horns on your head.
You are mostly covered in yellow scales. (AC +3)
You are immune to rotting.
You have sharp fingernails.
Scrolls take you a little longer to read.
You possess an exceptional clarity of mind.
You are resistant to hostile enchantments. (MR+)


Message History

The killer bee completely misses you. The crimson imp hits you.
* * * LOW HITPOINT WARNING * * *
* * * LOW HITPOINT WARNING * * *
You feel very sick. The killer bee barely misses you.
You riposte.
You slash the killer bee!
You kill the killer bee!
Lugonu accepts your kill. The killer bee stings you.
* * * LOW HITPOINT WARNING * * *
You are more poisoned.
The killer bee poisons you! The killer bee misses you.
You see here a hound corpse.
* * * LOW HITPOINT WARNING * * *
You feel very sick.
You don't have enough health at the moment.
Your surroundings suddenly seem different.
* * * LOW HITPOINT WARNING * * *
You feel very sick.
It was a potion of cancellation.
You feel magically purged.
You die...

#........<.......#.#
#.
#................#.#
#.
#................#.#
#.
#.........##..#..#.#
#.
#....._...###.#..#.#
#. #.........#
#.#..#.# #.
#.........# #.#).#.#
#. #.........#
#....#.# #.
#.........# ##.@.#.#
#. ########### #...#.#
#. #.>...# #. ##.####
#. #.# #. #.# #. #.#
#. #.# #.
#####.###############.


There were no monsters in sight!

Vanquished Creatures
  A sixfirhy (D:7)
  Pikel (D:7)
  Prince Ribbit (D:7)
  Sigmund (D:4)
  A hungry ghost (D:8)
  2 orc warriors (D:6)
  A slave (D:7)
  2 ice beasts
  4 ogres
  A phantom (D:5)
  A centaur (D:6)
  5 bullfrogs
  A big kobold (Sewer)
  2 wyvern skeletons
  A water moccasin skeleton (D:7)
  3 scorpions
  A killer bee (D:8)
  2 howler monkeys (D:7)
  3 crimson imps
  A centaur zombie (D:8)
  4 hounds
  A jelly (D:5)
  4 orc wizards
  Crazy Yiuf (D:6)
  4 orc priests
  Jessica (D:3)
  An iguana (D:8)
  A bullfrog skeleton (D:4)
  5 worker ants
  Terence (D:3)
  A hound zombie (D:7)
  2 hound skeletons (D:6)
  Robin (D:3)
  14 adders
  4 gnolls (D:4)
  An ooze (D:4)
  2 adder skeletons
  6 worms
  A dart slug (D:3)
  3 leopard geckos
  22 orcs
  3 giant cockroaches
  15 goblins
  12 hobgoblins
  8 jackals
  10 kobolds
  2 quokkas
  6 bats
  7 frilled lizards
  A jackal skeleton (D:8)
  A quokka zombie (D:5)
  18 rats
198 creatures vanquished.

Vanquished Creatures (others)
  3 slaves (D:7)
  A hound skeleton (D:7)
  An orc (D:7)
5 creatures vanquished.

Grand Total: 203 creatures vanquished

Notes
Turn   | Place    | Note
-------+----------+-------------------------------------------
     0 | Abyss:1  | sagitran the Demonspawn Abyssal Knight began the quest for the Orb.
     0 | Abyss:1  | Reached XP level 1. HP: 18/18 MP: 2/2
    47 | Abyss:2  | Noticed a small abomination
    56 | D:1      | Escaped the Abyss
   161 | D:1      | Reached * piety under Lugonu
   282 | D:1      | Gained mutation: You are partially covered in yellow scales. (AC +2) [demonic ancestry]
   282 | D:1      | Reached XP level 2. HP: 24/24 MP: 3/3
   289 | D:1      | Reached skill level 2 in Axes
   382 | D:1      | Reached skill level 1 in Dodging
   759 | D:2      | Reached XP level 3. HP: 29/29 MP: 4/4
   828 | D:2      | Found a sacrificial altar of Ru.
  1034 | D:2      | Reached ** piety under Lugonu
  1349 | D:2      | Reached XP level 4. HP: 37/37 MP: 5/5
  1603 | D:3      | Reached skill level 3 in Axes
  1648 | D:3      | Noticed Robin
  1661 | D:3      | Killed Robin
  1779 | D:3      | Noticed Jessica
  1791 | D:3      | Killed Jessica
  1791 | D:3      | Gained mutation: You are immune to rotting. [demonic ancestry]
  1791 | D:3      | Reached XP level 5. HP: 29/42 MP: 6/6
  2078 | D:3      | Reached skill level 4 in Axes
  2104 | D:3      | Reached *** piety under Lugonu
  2123 | D:3      | Gained mutation: You have a pair of small horns on your head. [demonic ancestry]
  2123 | D:3      | Reached XP level 6. HP: 30/48 MP: 7/7
  2254 | D:3      | Found a hide-covered altar of Uskayaw.
  2342 | D:3      | Noticed Terence
  2349 | D:3      | Killed Terence
  2726 | D:4      | Noticed Grinder
  2859 | D:4      | Found a glowing drain.
  2863 | Sewer    | Entered a sewer
  3094 | Sewer    | Found a white marble altar of Elyvilon.
  3267 | D:4      | Upgraded the game from 0.21-a0-153-g78480df to 0.21-a0-228-g14ccbf3
  3366 | D:4      | Reached skill level 5 in Axes
  3427 | D:4      | Found a white marble altar of Elyvilon.
  3472 | D:4      | Found Ciguv's Gadget Emporium.
  3571 | D:4      | Gained mutation: You are mostly covered in yellow scales. (AC +3) [demonic ancestry]
  3571 | D:4      | Reached XP level 7. HP: 52/55 MP: 8/8
  3681 | D:5      | Entered Level 5 of the Dungeon
  3762 | D:4      | Noticed Sigmund
  3771 | D:4      | Killed Sigmund
  3783 | D:4      | Reached skill level 6 in Axes
  4009 | D:4      | Reached skill level 5 in Fighting
  4249 | D:4      | Reached **** piety under Lugonu
  4295 | D:4      | Reached XP level 8. HP: 48/62 MP: 10/10
  5330 | D:5      | Reached skill level 7 in Axes
  6168 | D:6      | Found a runed door.
  6172 | D:6      | Noticed Crazy Yiuf
  6181 | D:6      | Killed Crazy Yiuf
  7023 | D:6      | Found a burning altar of Makhleb.
  7023 | D:6      | Found a deep blue altar of Sif Muna.
  7198 | D:6      | Reached skill level 5 in Armour
  7433 | D:7      | Reached XP level 9. HP: 60/69 MP: 11/11
  7476 | D:8      | Found a blossoming altar of Fedhas.
  7505 | D:7      | Noticed a sixfirhy
  7507 | D:7      | Found a runed door.
  7700 | D:7      | Reached skill level 8 in Axes
  7709 | D:7      | Found a staircase to the Ecumenical Temple.
  7712 | D:7      | Noticed Prince Ribbit
  8073 | D:7      | Killed Prince Ribbit
  8101 | D:7      | Reached ***** piety under Lugonu
  8121 | D:7      | Found a shimmering altar of Xom.
  8238 | D:7      | Noticed Pikel
  8258 | D:7      | Killed Pikel
  8258 | D:7      | Reached skill level 1 in Stealth
  8452 | D:8      | Found an iron altar of Okawaru.
  8503 | D:7      | Reached skill level 9 in Axes
  8796 | D:7      | Gained mutation: Armour fits poorly on your strangely shaped body. [potion of mutation]
  8796 | D:7      | Gained mutation: You evolve. [potion of mutation]
  8796 | D:7      | Lost mutation: Armour fits poorly on your strangely shaped body. [potion of mutation]
  8796 | D:7      | Gained mutation: Your natural rate of healing is unusually fast. [potion of mutation]
  8797 | D:7      | Lost mutation: You evolve. [potion of mutation]
  8797 | D:7      | Lost mutation: Your natural rate of healing is unusually fast. [potion of mutation]
  8797 | D:7      | Gained mutation: You are resistant to hostile enchantments. (MR+) [potion of mutation]
  8797 | D:7      | Gained mutation: Scrolls take you a little longer to read. [potion of mutation]
  8797 | D:7      | Gained mutation: You have sharp fingernails. [potion of mutation]
  8797 | D:7      | Gained mutation: You possess an exceptional clarity of mind. [potion of mutation]
  8820 | D:7      | Killed a sixfirhy
  8820 | D:7      | Reached skill level 1 in Throwing
  9145 | D:8      | Gained mutation: You have a pair of horns on your head. [demonic ancestry]
  9145 | D:8      | Reached XP level 10. HP: 58/79 MP: 12/12
  9385 | D:8      | Found a shimmering altar of Xom.
  9543 | D:10     | Entered Level 10 of the Dungeon
  9808 | D:8      | HP: 1/79 [poisoned by a killer bee]
  9809 | D:8      | Succumbed to a killer bee's poison

Vault maps used:
D:1:      dpeg_arrival_rooms_a, minmay_heptomino_d4
D:2:      nicolae_ru_awakened_eye
D:3:      eat_drink_and_be_merry_uskayaw, uniq_terence, uniq_jessica, uniq_robin
D:4:      gup_sewer_entry_spiral, serial_shops, shop, corner_web_ring,
          elyvilon_altar_5, uniq_grinder, uniq_sigmund
D:5:      first_bread
D:6:      amethyst_overflow_temple_binary, amethyst_killhole,
          uniq_crazy_yiuf_cottage
D:7:      cheibrodos_shockbox, nicolae_overflow_crystal_walls,
          minmay_temple_entry_large_hall, grunt_ogre_cave, uniq_pikel,
          uniq_prince_ribbit1
D:8:      cheibrodos_quashed, okawaru_trees_2, overflow_temple_1_default,
          basic_altar
D:9:      nemelex_altar_shiori, lemuel_round_altar, david_lair_shrubbed
D:10:     serial_shops, nicolae_shop_trees, uniq_harold
Abyss:2:  lemuel_flamethrower_2
Sewer:    sewer_kobolds

Skill      XL: |  1  2  3  4  5  6  7  8  9 |
---------------+----------------------------+-----
Axes           | 2 3 4 5 6 7 9 |  9.4
Dodging        | 1 2 3 4 |  4.2
Armour         | 2 3 5 6 |  6.3
Fighting       | 4 5 7 |  7.1
Stealth        | 1 |  1.1
Throwing       | 1 |  1.3
Long Blades    | |  0.8
Invocations    | |  2.9

Action                   |  1- 3 |  4- 6 |  7- 9 | 10-12 || total
-------------------------+-------+-------+-------+-------++-------
Melee: Broad axe         |   105 |   208 |   273 |     6 ||   592
       Headbutt          |       |    21 |    60 |     5 ||    86
       Demon blade       |       |       |     5 |    20 ||    25
Throw: Tomahawk          |       |       |     5 |     2 ||     7
Invok: Depart the Abyss  |     1 |       |       |       ||     1
       Bend Space        |       |     1 |       |       ||     1
  Use: Scroll            |       |     6 |    11 |     1 ||    18
       Potion            |       |     5 |    15 |     1 ||    21
  Eat: Bread ration      |     1 |     1 |     3 |     1 ||     6
       Chunk             |       |     5 |       |       ||     5
       Meat ration       |       |       |     1 |       ||     1
Armor: Ring mail         |    82 |    99 |    64 |       ||   245
       Leather armour    |     1 |       |       |       ||     1
       Scale mail        |       |       |    67 |    47 ||   114
Dodge: Dodged            |    95 |   187 |   180 |    44 ||   506
       Rpst.: Demon blade |       |       |     2 |    14 ||    16

Table legend:
 A = Spawn XP
 B = Non-spawn XP
 C = Spawn XP percentage of total XP
 D = Spawn monster count
 E = Non-spawn monster count
 F = Spawn count percentage of total count
 G = Total turns spent on level
                    A         B        C        D         E        F      G
               +---------+---------+-------+---------+---------+-------+---------
         Total |     763 |    4019 |  16.0 |      22 |      55 |  28.6 |  6542
               +---------+---------+-------+---------+---------+-------+---------
           D:4 |     146 |       0 | 100.0 |       6 |       0 | 100.0 |  1141
           D:5 |     215 |     141 |  60.4 |       6 |       5 |  54.5 |  1464
           D:6 |     218 |     741 |  22.7 |       6 |      15 |  28.6 |  1814
           D:7 |     181 |    2411 |   7.0 |       3 |      21 |  12.5 |  1381
           D:8 |       3 |     723 |   0.4 |       1 |      13 |   7.1 |   703
           D:9 |       0 |       3 |   0.0 |       0 |       1 |   0.0 |    37
               +---------+---------+-------+---------+---------+-------+---------
